 Dungeon Crawl Stone Soup version 0.27-a0-1586-gd5c625afe7 (webtiles) character file.

Game seed: 7945947443099588383

56 Hansen the Twirler (level 4, -3/34 HPs)
             Began as a Human Wanderer on July 18, 2021.
             Killed by divine providence
             ... invoked by an orc priest
              (11 damage)
             ... on level 2 of the Dungeon.
             The game lasted 00:10:29 (1884 turns).

Hansen the Twirler (Human Wanderer)                 Turns: 1884, Time: 00:10:29

Health: -3/34      AC:  2    Str: 10    XL:     4   Next: 15%
Magic:  4/4        EV: 12    Int: 13    God:
Gold:   129        SH:  0    Dex: 15    Spells: 1/3 levels left

rFire    . . .     SeeInvis .   h - +3 short sword (flame)
rCold    . . .     Faith    .   (no shield)
rNeg     . . .     Spirit   .   c - +0 robe
rPois    .         Reflect  .   (no helmet)
rElec    .         Harm     .   (no cloak)
rCorr    .         Rampage  .   (no gloves)
Will     .....                  (no boots)
Stlth    +.........             (no amulet)
HPRegen  0.11/turn              (no ring)
MPRegen  0.09/turn              (no ring)

@: confused
A: no striking features
a: no special abilities


You were on level 2 of the Dungeon.
You visited 1 branch of the dungeon, and saw 2 of its levels.

You collected 129 gold pieces.

Inventory:

Hand Weapons
 a - a +2 quarterstaff
 d - a +0 dagger
 h - a +3 short sword of flaming (weapon)
Missiles
 e - 21 stones (quivered)
 k - 7 curare-tipped darts
Armour
 c - a +0 robe (worn)
 n - a +0 scale mail
Jewellery
 i - a ring of protection from cold
 m - a +4 ring of slaying
Scrolls
 f - 3 scrolls of identify {unknown}
 j - a scroll of amnesia {unknown}
Potions
 b - 3 potions of lignification
 g - a potion of flight {unknown}
 l - a potion of berserk rage {unknown}


   Skills:
 + Level 2.5 Fighting
 + Level 0.3 Short Blades
 - Level 2.9 Staves
 - Level 2.3 Dodging
 + Level 2.7 Stealth
 - Level 1.0 Shields
 - Level 1.0 Evocations


You had one spell level left.
You knew the following spells:

 Your Spells              Type           Power      Damage    Failure   Level
a - Slow                  Hex            0%         N/A       43%         2

Your spell library contained the following spells:

 Spells                   Type           Power      Damage    Failure   Level
 Apportation              Tloc           0%         N/A       30%         1
 Confusing Touch          Hex            0%         N/A       67%         3
 Vampiric Draining        Necr           0%         2d6       67%         3


Dungeon Overview and Level Annotations

Branches:
Dungeon (2/15)

Altars:


Message History

You hit the orc priest. You burn the orc priest.
The orc priest is heavily wounded.
The orc priest barely misses you.
The orc wizard casts a spell.
The orc wizard flickers and vanishes!
Deactivating autopickup; reactivate with Ctrl-A.
The orc priest hits you but does no damage.
Autopickup is now on.
Autopickup is now off.
You hit the orc priest. You burn the orc priest.
The orc priest is severely wounded.
You hit something but do no damage.
The orc priest miscasts a cantrip.
You miss something.
You hear some strange, mumbled words.
A puff of flame appears from out of thin air!
The puff of flame hits you.
You closely miss something. Something hits you but does no damage.
You hit something. You burn something. Something hits you.
You barely miss something. Something barely misses you.
You miss something. Something completely misses you.
The orc priest looks braver for a moment.
You hit something. You burn something.
You hear some strange, mumbled words.
You are confused.
You bump into the rock wall.
Something hits you but does no damage.
You bump into the rock wall.
The orc priest looks satisfied for a moment.
You hear some strange, mumbled words.
You are more confused.
You miss something. Something hits you.
You bump into the rock wall.
Something hits you.
The orc priest calls down the wrath of Beogh upon you.
You completely miss something. Something hits you. x2
You completely miss something. Something hits you.
* * * LOW HITPOINT WARNING * * *
You bump into the rock wall.
The orc priest invokes the aid of Beogh against you.
Beogh smites you!
You die...

#.....# ###########
#####.# ...........
#.# #######.### #.#
#.# #<# ##.# #.# ##.)#
#.# ##...##
#######.##.####.>...##
#.oo{@......##........
#.#####.).............
#.....##.......#
#..#.####.......
#..### ##...#.# ...#
##.##.# ##.# #. #.# .#
#. #.# #. #.#


You could see an orc priest and an orc.

Vanquished Creatures
  An adder (D:2)
  A dart slug (D:1)
  4 bats
  2 endoplasms (D:1)
  A giant cockroach (D:2)
  6 goblins
  4 hobgoblins
  2 jackals (D:2)
  A quokka (D:1)
  3 ball pythons
  2 frilled lizards (D:1)
  6 kobolds
  11 rats
44 creatures vanquished.

Vanquished Creatures (others)
  3 fungi (D:2)
3 creatures vanquished.

Grand Total: 47 creatures vanquished

Notes
Turn   | Place    | Note
-------+----------+-------------------------------------------
     0 | D:1      | Hansen the Human Wanderer began the quest for the Orb.
     0 | D:1      | Hansen set off with the following items: a +2 quarterstaff,
                  | 2 potions of lignification, a +0 robe, a +0 dagger
     0 | D:1      | Reached XP level 1. HP: 16/16 MP: 1/1
   326 | D:1      | Reached XP level 2. HP: 22/22 MP: 2/2
   660 | D:1      | Reached XP level 3. HP: 22/28 MP: 3/3
   720 | D:1      | You fall into a shaft and drop 1 floor!
  1395 | D:2      | Found a faded altar of an unknown god.
  1403 | D:2      | Got Plato's Grimoire of the Traveller
  1407 | D:2      | Learned a level 2 spell: Slow
  1476 | D:1      | Reached XP level 4. HP: 28/34 MP: 4/4
  1884 | D:2      | Killed from afar by an orc priest

Illustrated notes

Levels and vault maps discovered:
D:1:      ncdulo_watergridlock, layout_rooms, wad_floor_pattern_2,
          chequers_serial_rivers_marsh, minmay_rat_gold_closets
D:2:      layout_loops_ring, shapermc_ecumenical_altar_rom_forum

Action                   |  1- 3 |  4- 6 || total
-------------------------+-------+-------++-------
Melee: Quarterstaff      |    67 |       ||    67
       Short sword       |    22 |    23 ||    45
 Stab: Sleeping          |     4 |     2 ||     6
Armor: Robe              |    13 |     7 ||    20
Dodge: Dodged            |    50 |     8 ||    58

Table legend: (Time is in decaauts)
 A = Elapsed time spent in this place.
 B = Non-inter-level travel time spent in this place.
 C = Inter-level travel time spent in this place.
 D = Time resting spent in this place.
 E = Time spent auto-exploring this place.
 F = Levels seen in this place.
 G = Mean time per level.
                   A        B        C        D        E       F      G
               +--------+--------+--------+--------+--------+-----+--------+
         Total |   1902 |   1847 |     55 |      0 |   1430 |   2 |  951.0 |
       Dungeon |   1902 |   1847 |     55 |      0 |   1430 |   2 |  951.0 |
               +--------+--------+--------+--------+--------+-----+--------+

Top non-repeatable levels by time:
     D:1: 1146 daAuts
     D:2: 756 daAuts
